Map: Orbital Shipyard

Players

Feidspar - Winner!

  • Race: Zerg Zerg

Shamanas

  • Race: Terran Terran

VOD

Have the link to the VOD?

Description

Time

  • Played on: May 2, 2015, 7:29 a.m.
  • Length: 5:13
Show
View Real Time Build Order
Export as new Build Order

Feidspar Zerg - Winner!

Build Orders: Hatch First, Zergling Baneling 

Get SALT Encoding   

  12  0:08  Overlord  
  12  0:14  Drone  
  12  0:17  Drone  
  14  0:27  Drone  
  15  0:34  Drone  
  16  0:44  Drone  
  17  0:54  Drone  
  18  0:58  Hatchery  
  17  1:09  Spawning Pool  
  16  1:13  Drone, Extractor  
  16  1:17  Drone  
  17  1:27  Drone  
  18  1:37  Drone  
  19  1:49  Overlord  
  19  1:57  Queen  
  19  1:59  Zergling x2  
  22  2:13  Hatchery, Queen  
  23  2:19  Drone  
  24  2:22  Metabolic Boost  
  24  2:41  Drone x3  
  24  2:43  Zergling x6  
  30  2:54  Baneling Nest  
  29  2:59  Zergling x4  
  29  3:05  Drone x2  
  32  3:09  Overlord  
  33  3:16  Overlord  
  33  3:17  Zergling x2  
  33  3:19  Zergling x2  
  35  3:31  Zergling x2  
  35  3:32  Zergling x8  
  40  3:40  Zergling x2  
  40  3:41  Zergling x4  
  43  3:55  Baneling x7  
  43  3:57  Baneling  
  43  3:58  Zergling x6  
  46  4:16  Zergling x2  
  46  4:17  Zergling x12  
  49  4:27  Zergling x4  
  49  4:28  Zergling x6  
  52  4:33  Baneling x3  
  52  4:36  Baneling  
  52  4:45  Zergling x10  
  57  4:48  Baneling  
Show
View Real Time Build Order
Export as new Build Order

Shamanas Terran 

Build Orders: Reaper Expand 

Get SALT Encoding   

  12  0:01  SCV  
  13  0:13  SCV  
  14  0:19  Supply Depot  
  14  0:25  SCV  
  15  0:40  SCV  
  15  0:42  Barracks  
  16  0:43  Refinery  
  16  0:53  SCV  
  17  1:05  SCV  
  18  1:17  SCV  
  19  1:30  Reaper, Orbital Command  
  20  1:40  Command Center  
  20  1:50  Supply Depot  
  20  1:57  SCV  
  21  2:07  Barracks Reactor  
  21  2:09  SCV  
  21  2:12  Refinery  
  22  2:21  SCV  
  23  2:27  Factory  
  23  2:34  SCV  
  23  2:44  Marine x2  
  23  2:46  SCV  
  26  2:57  Orbital Command  
  26  2:58  SCV, Factory  
  27  3:02  Marine x2  
  29  3:10  SCV  
  29  3:12  Factory Tech Lab  
  30  3:15  Command Center  
  30  3:22  SCV  
  30  3:23  Marine x2  
  30  3:26  SCV  
  34  3:34  SCV  
  34  3:35  Cyclone  
  34  3:40  SCV  
  39  3:51  SCV  
  39  3:52  SCV  
  39  3:55  Supply Depot  
  41  3:56  Supply Depot  
  41  3:57  Refinery  
  41  3:58  Refinery  
  41  4:00  Hellion x2  
  45  4:05  Armory  
  45  4:08  SCV  
  46  4:16  SCV, Cyclone  
  50  4:19  Missile Turret  
  42  4:26  Hellion x2  
  41  4:35  SCV, Orbital Command  
  42  4:47  Hellion  
Tags
 
Add a new tag
Caveats
  • Supply blocks, unpowered buildings, or Contaminate may cause inaccurate times.
  • Supply counts are checked every 10 seconds.